 Dungeon Crawl Stone Soup version 0.31-a0-236-g9a0961fb85 (webtiles) character file.

Game seed: 10904023159825377075

51 qw the Shooter (level 3, 0/21 HPs)
             Began as a Gargoyle Hexslinger on July 10, 2023.
             Slain by a gnoll
             ... wielding a +0 spear
              (6 damage)
             ... on level 2 of the Dungeon.
             The game lasted 00:00:29 (847 turns).

qw the Shooter (Gargoyle Hexslinger)                 Turns: 847, Time: 00:00:29

Health: 0/21       AC:  6    Str: 11    XL:     3   Next: 81%
Magic:  4/4        EV: 11    Int: 13    God:
Gold:   49         SH:  0    Dex: 14    Spells: 3/4 levels left

rFire   . . .        Y - +4 sling
rCold   . . .        (no shield)
rNeg    + . .        h - +0 leather armour
rPois   inf          (no helmet)
rElec   +            (no cloak)
rCorr   .            (no gloves)
SInv    .            (no boots)
Will    .....        (no amulet)
Stlth   +            (no ring)
HPRegen 0.23/turn    (no ring)
MPRegen 0.09/turn

%: no passive effects
@: no status effects
A: sickness immunity, AC +3, negative energy resistance 1, electricity
resistance, torment resistance 1, petrification resistance
a: no special abilities


You were on level 2 of the Dungeon.
You visited 1 branch of the dungeon, and saw 2 of its levels.

You collected 49 gold pieces.


Innate Abilities, Weirdness & Mutations

You are immune to sickness and miasma.
Your stone body is resilient. (AC +3)
You are immune to poison.
You resist negative energy. (rN+)
You are resistant to electric shocks. (rElec)
You are resistant to unholy torment.
You are immune to petrification.


   Skills:
 - Level 2.0 Fighting
 + Level 3.7 Ranged Weapons
 - Level 1.5 Dodging
 - Level 1.0 Spellcasting
 - Level 2.6 Hexes


You had 3 spell levels left.
You knew the following spells:

 Your Spells              Type           Power      Damage    Failure   Level
a - Slow                  Hex            28%        N/A       12%         1

Your spell library contained the following spells:

 Spells                   Type           Power      Damage    Failure   Level
 Inner Flame              Hex/Fire       4%         N/A       54%         3
 Portal Projectile        Hex/Tloc       8%         N/A       54%         3
 Cause Fear               Hex            3%         N/A       77%         4

Inventory:

Hand Weapons
 Y - a +4 sling (weapon)
Armour
 h - a +0 leather armour (worn)
Scrolls
 a - a scroll of identify
 m - 3 scrolls of teleportation
Potions
 b - a potion of ambrosia {unknown}
 c - a potion of berserk rage {unknown}
 d - a potion of curing {unknown}
 i - a potion of enlightenment {unknown}
 j - a potion of attraction {unknown}
 k - a potion of heal wounds {unknown}

Dungeon Overview and Level Annotations

Branches:
Dungeon (2/15)

Altars:

Shops:
D:1 [


Message History

The gnoll is moderately wounded.
You shoot a sling bullet.
The sling bullet hits the gnoll but does no damage.
The gnoll is lightly wounded.
You shoot a sling bullet.
The sling bullet barely misses the gnoll. x2
The gnoll barely misses you. The gnoll closely misses you.
The gnoll barely misses you.
You shoot a sling bullet.
The sling bullet barely misses the gnoll. x3
The gnoll hits you from afar with a +0 spear.
The gnoll closely misses you.
You shoot a sling bullet.
The sling bullet closely misses the gnoll.
The sling bullet hits the gnoll.
The gnoll is moderately wounded.
The gnoll hits you from afar with a +0 spear.
The gnoll hits you but does no damage.
You shoot a sling bullet. The sling bullet hits the gnoll.
The gnoll is heavily wounded.
The gnoll hits you from afar with a +0 spear.
The gnoll barely misses you.
You shoot a sling bullet. The sling bullet hits the gnoll.
The gnoll is severely wounded.
The gnoll barely misses you. The gnoll misses you. x2
The gnoll barely misses you.
You shoot a sling bullet. The sling bullet hits the gnoll.
The gnoll is almost dead.
The gnoll hits you from afar with a +0 spear.
The gnoll misses you.
You shoot a sling bullet. The sling bullet hits the gnoll.
You kill the gnoll!
The gnoll barely misses you.
You shoot a sling bullet.
The sling bullet barely misses the gnoll.
The sling bullet hits the gnoll!
The gnoll is almost dead.
The gnoll closely misses you.
The gnoll hits you from afar with a +0 spear.
You die...

##.. 77.7P...(...#
##. 7P.P..>.....#
##.. .P..........#
......##)#.#.......#
...................#
. ....####.#.......#
... .)# #.#.......#
.....#.###.#.#######
....gg)@...#.#######
.#.#.######.......<.
###...######
#.......# #.......#
###.......#
..........##
######....# ##...#


You could see 2 gnolls.

Vanquished Creatures
  A gnoll (D:2)
  An adder (D:2)
  4 ball pythons (D:1)
  2 giant cockroaches (D:1)
  4 goblins (D:1)
  3 hobgoblins (D:2)
  4 jackals (D:1)
  2 kobolds
  A bat (D:1)
  4 frilled lizards (D:1)
  5 rats
31 creatures vanquished.

Notes
Turn   | Place    | Note
-------+----------+-------------------------------------------
     0 | D:1      | qw the Gargoyle Hexslinger began the quest for the Orb.
     0 | D:1      | Reached XP level 1. HP: 12/12 MP: 2/2
     0 | D:1      | 0 ||| qw: Version: 0.3-a-52-g30416fa
     0 | D:1      | 0 ||| qw: Game counter: 4676
     0 | D:1      | 0 ||| qw: Melee chars always use a shield: true
     0 | D:1      | 0 ||| qw: God list: Okawaru
     0 | D:1      | 0 ||| qw: Allow faded altars: false
     0 | D:1      | 0 ||| qw: Do Orc after clearing Dungeon:15 true
     0 | D:1      | 0 ||| qw: Do second Lair branch before Depths: true
     0 | D:1      | 0 ||| qw: Lair rune preference: random
     0 | D:1      | 0 ||| qw: Goals: Normal
     0 | D:1      | 0 ||| PLANNING D:1-11
    63 | D:1      | Reached XP level 2. HP: 8/16 MP: 3/3
   104 | D:1      | Found Ukkicuf's Armour Shoppe.
   115 | D:1      | 115 ||| SHOPLISTING +0 helmet of intelligence (115 gold,
                  | have 9).
   115 | D:1      | 115 ||| SHOPLISTING +0 leather armour (20 gold, have 9).
   115 | D:1      | 115 ||| SHOPLISTING +0 ring mail (40 gold, have 9).
   210 | D:1      | Reached skill level 3 in Ranged Weapons
   439 | D:1      | Reached XP level 3. HP: 21/21 MP: 4/4
   651 | D:1      | 651 ||| UPGRADING to +0 leather armour.
   661 | D:1      | 661 ||| DROPPING +0 robe.
   662 | D:1      | 662 ||| READING scroll labelled EZATYSM BUICU.
   663 | D:1      | 663 ||| READING 3 scrolls labelled INUFIN SUM.
   664 | D:1      | 664 ||| READING 2 scrolls of enchant weapon.
   664 | D:1      | 664 ||| ENCHANTING +2 sling.
   665 | D:1      | 665 ||| READING scroll of enchant weapon.
   665 | D:1      | 665 ||| ENCHANTING +3 sling.
   666 | D:1      | 666 ||| READING scroll labelled CIFYMNEECO.
   667 | D:1      | 667 ||| READING scroll labelled YCIVAU KEFAECK.
   668 | D:1      | 668 ||| READING 4 scrolls labelled KOPPUG ULAHIS.
   671 | D:1      | 671 ||| READING scroll labelled USYRID BAAHI.
   672 | D:1      | 672 ||| DROPPING scroll of poison.
   847 | D:2      | Slain by a gnoll

Levels and vault maps discovered:
D:1:      spicycebolla_green_bress_n_ham_2, layout_basic, serial_rivers,
          chequers_serial_rivers_micro_d, chequers_serial_rivers_small_a,
          chequers_serial_rivers_large_a, chequers_serial_rivers_micro_b,
          chequers_serial_rivers_marsh, serial_shops, shop,
          kennysheep_crisscross, minmay_tetromino_i2
D:2:      layout_loops_ring, serial_forest, infiniplex_forest_straight_4,
          infiniplex_forest_straight_1, infiniplex_forest_clump_curved,
          infiniplex_forest_lined_3, infiniplex_forest_clump_medium,
          infiniplex_forest_lined_3_way, infiniplex_forest_clump_curved,
          infiniplex_forest_clump_curved, uniq_sigmund, uniq_crazy_yiuf_cottage

Skill      XL: |  1  2 |
---------------+-------+-----
Ranged Weapons | 3 |  3.7
Fighting       | 2 |  2.0
Dodging        | |  1.5
Spellcasting   | |  1.0
Hexes          | |  2.6

Action                     || total
---------------------------++-------
   Fire: Sling             ||   110
    Use: Scroll            ||     8
 Armour: Robe              ||    14
         Leather armour    ||     2
  Dodge: Dodged            ||    49

Table legend:
 A = Non-vault XP
 B = Vault XP
 C = Vault XP percentage of total XP
 D = Non-vault monster count
 E = Vault monster count
 F = Vault count percentage of total count
                 A         B        C        D         E       F
            +---------+---------+-------+---------+---------+-------
      Total |      72 |       1 |   1.4 |      30 |       1 |   3.2
            +---------+---------+-------+---------+---------+-------
        D:1 |      36 |       1 |   2.7 |      23 |       1 |   4.2
        D:2 |      36 |       0 |   0.0 |       7 |       0 |   0.0
            +---------+---------+-------+---------+---------+-------
